 Dungeon Crawl Stone Soup version 0.17-a0-2064-g265a032 (webtiles) character file.

42 Shim the Charmwright (level 3, -3/25 HPs)
             Began as a High Elf Skald on Oct 12, 2015.
             Slain by a quokka (5 damage)
             ... on level 3 of the Dungeon.
             The game lasted 00:09:25 (1819 turns).

Shim the Charmwright (High Elf Skald)               Turns: 1819, Time: 00:09:25

Health: -3/25      AC:  3    Str: 11    XL:     3   Next: 33%
Magic:  15/17      EV: 12    Int: 16    God:
Gold:   72         SH:  0    Dex: 15    Spells: 3 memorised, 2 levels left

rFire  . . .     SeeInvis .     a - +0 short sword
rCold  . . .     Clarity  .     b - +0 leather armour
rNeg   . . .     SustAt   .     (no shield)
rPois  .         Gourm    .     (no helmet)
rElec  .         Spirit   .     (no cloak)
rCorr  .         Warding  .     (no gloves)
rMut   .         Stasis   .     (no boots)
MR     .....                    (no amulet)
Stlth  ++........               o - ring of stealth
                                l - ring of magical power

@: singing, not resistant to hostile enchantments, unstealthy
A: no striking features
a: Stop Singing


You were on level 3 of the Dungeon.
You were not hungry.

You visited 1 branch of the dungeon, and saw 3 of its levels.

You collected 72 gold pieces.

Inventory:

Hand Weapons
 a - a +0 short sword (weapon)
 g - a +0 whip of holy wrath
Missiles
 k - 3 stones (quivered)
Armour
 b - a +0 leather armour (worn)
Jewellery
 l - a ring of magical power (left hand)
 o - a ring of stealth (right hand)
Scrolls
 h - a scroll of immolation {unknown}
 m - a scroll of random uselessness {unknown}
 n - a scroll of recharging {unknown}
Potions
 f - a potion of agility
 i - 2 potions of curing {unknown}
Books
 c - a book of Battle

   Spells                             Type                      Level
   a - Infusion                       Charms                       1
   b - Shroud of Golubria             Charms/Translocation         2
   c - Song of Slaying                Charms                       2
   d - Spectral Weapon                Hexes/Charms                 3
   e - Regeneration                   Charms/Necromancy            3
Comestibles
 j - a meat ration


   Skills:
 + Level 2.5 Fighting
 + Level 2.4 Short Blades
 + Level 1.3 Armour
 + Level 1.7 Dodging
 + Level 2.9 Spellcasting
 + Level 4.0 Charms


You had 2 spell levels left.
You knew the following spells:

 Your Spells              Type           Power        Failure   Level  Hunger
a - Infusion              Chrm           ###...       6%          1    #......
b - Song of Slaying       Chrm           ###.....     10%         2    ##.....
c - Shroud of Golubria    Chrm/Tloc      #.........   17%         2    ##.....


Dungeon Overview and Level Annotations

Branches:
Dungeon (3/15)

Altars:
Qazlal

Annotations:
D:2 Sigmund
D:3 Terence


Message History

The quokka bites you.
* * * LOW HITPOINT WARNING * * *
The quokka bites you.
* * * LOW HITPOINT WARNING * * *
Eat which item? (? for menu, Esc to quit)
The quokka bites you.
* * * LOW HITPOINT WARNING * * *
You continue eating.
The quokka barely misses you.
You continue eating.
The quokka barely misses you.
You finish eating.
That bread ration really hit the spot!
Casting: Song of Slaying
Confirm with . or Enter, or press ? or * to list all spells.
You start singing a song of slaying.
The quokka bites you.
* * * LOW HITPOINT WARNING * * *
You hit the quokka.
The quokka is severely wounded.
The quokka bites you.
You die...

#### #.. #### #.#
######... #@# ...##...
#####r##########.##...
#>...g............'...
#.###.##########.##...
.... #.##... .....##
#.##... #.....+
#.##... #..$..#
..##... #.....#
####...


You could see a quokka and a goblin.

Vanquished Creatures
  A gnoll (D:1)
  A worm (D:2)
  A giant gecko (D:1)
  4 bats
  2 giant cockroaches (D:1)
  3 goblins
  7 hobgoblins
  5 kobolds
  4 rats
28 creatures vanquished.

Notes
Turn   | Place    | Note
--------------------------------------------------------------
     0 | D:1      | Shim the High Elf Skald began the quest for the Orb.
     0 | D:1      | Reached XP level 1. HP: 14/14 MP: 4/4
   287 | D:1      | Reached skill level 4 in Charms
   287 | D:1      | Reached XP level 2. HP: 13/19 MP: 1/6
   291 | D:1      | Learned a level 2 spell: Song of Slaying
   431 | D:1      | Reached skill level 1 in Armour
   986 | D:1      | Reached XP level 3. HP: 21/25 MP: 8/8
  1096 | D:1      | Learned a level 2 spell: Shroud of Golubria
  1264 | D:2      | Found a stormy altar of Qazlal.
  1625 | D:2      | Noticed Sigmund
  1731 | D:3      | Noticed Terence
  1819 | D:3      | Slain by a quokka

Vault maps used:
D:1:      lightli_molten_gateway, kennysheep_another_room
D:2:      grunt_qazlal_clouds, uniq_sigmund
D:3:      first_bread, uniq_terence

Action                   || total
-------------------------++-------
Melee: Short sword       ||   104
       Whip              ||    12
 Cast: Infusion          ||     5
       Song of Slaying   ||     6
  Use: Potion            ||     3
 Stab: Sleeping          ||     1
  Eat: Bread ration      ||     1
       Chunk             ||     1
